 Dungeon Crawl Stone Soup version 0.30-a0-715-gdb4ae3ece1 (webtiles) character file.

Game seed: 10006131266987122463

18 Bunnehwyld the Covered (level 2, -2/26 HPs)
             Began as an Armataur Fighter on Jan 23, 2023.
             Slain by Natasha (6 damage)
             ... on level 1 of the Dungeon.
             The game lasted 00:03:02 (609 turns).

Bunnehwyld the Covered (Armataur Fighter)            Turns: 609, Time: 00:03:03

Health: -2/26      AC:  7    Str: 21    XL:     2   Next: 48%
Magic:  2/2        EV: 12    Int:  8    God:
Gold:   2          SH:  4    Dex:  9    Spells: 1/1 levels left

rFire   . . .      SeeInvis .    a - +0 flail
rCold   . . .      Faith    .    c - +0 buckler
rNeg    . . .      Spirit   .    b - +0 scale mail
rPois   .          Reflect  .    (no helmet)
rElec   .          Harm     .    (no cloak)
rCorr   .          Roll     +    (no gloves)
Will    .....                    (no barding) Stlth
                                 (no amulet)
HPRegen 0.24/turn                h - +5 ring of evasion
MPRegen 0.08/turn                (no ring)

@: mighty, slowed, very slow
A: large, rugged brown scales 3, deformed body, armoured tail, roll, long
tongue, awkward tongue
a: no special abilities


You were on level 1 of the Dungeon.
You visited 1 branch of the dungeon, and saw 2 of its levels.

You collected 2 gold pieces.

Inventory:

Hand Weapons
 a - a +0 flail (weapon)
Missiles
 f - 19 stones (quivered)
Armour
 b - a +0 scale mail (worn)
 c - a +0 buckler (worn)
Jewellery
 h - a +5 ring of evasion (left hand)
Scrolls
 e - 2 scrolls of teleportation {unknown}
 g - a scroll of enchant armour {unknown}
 i - a scroll of magic mapping {unknown}
 j - 4 scrolls of identify {unknown}
 k - a scroll of fear {unknown}


   Skills:
 - Level 2.6 Fighting
 * Level 2.3 Maces & Flails
 + Level 3.9 Armour
 + Level 3.5 Shields


You had one spell level left.
You didn't know any spells.
Your spell library was empty.

Dungeon Overview and Level Annotations

Branches:
Dungeon (2/15)

Altars:

Annotations:
D:1 Natasha


Innate Abilities, Weirdness & Mutations

You are completely covered in rugged brown scales. (AC +3, +7% HP)
Armour fits poorly on your strangely shaped body.
You have a long armoured tail.
You roll when moving toward enemies. (Rampage)
Your long tongue fully drains potion bottles. (2x potion effects)
Your tongue gives you trouble enunciating. (1.5x scroll delay)


Message History

You start resting.
HP restored.
You climb downwards.
Level annotation: Natasha Natasha mumbles some strange words.
There is a stone staircase leading up here.
You miss Natasha.
Natasha howls an incantation.
You feel troubled. Natasha claws you.
You closely miss Natasha. Natasha closely misses you.
The white imp gestures at you. The puff of frost hits you!
Natasha claws you but does no damage.
You closely miss Natasha.
Natasha casts a spell.
The white imp shouts, "Escape, thou mammering fen-sucked mule!"
You hit Natasha but do no damage. Natasha casts a spell at you.
You feel yourself slow down. The white imp gestures at you.
The puff of frost hits you. The white imp gestures at you.
The puff of frost hits you!
* * * LOW HITPOINT WARNING * * *
You are too injured to fight recklessly!
You are too injured to fight recklessly!
You are too injured to fight recklessly!
Unknown command.
Natasha casts a spell.
You block the white imp's attack. Natasha closely misses you.
You climb upwards.
The white imp disappears in a puff of smoke! x2
The crimson imp disappears in a puff of smoke!
There is a stone staircase leading down here.
Unknown command.
Unknown command.
You slurp down every last drop of the potion of might!
You feel very mighty all of a sudden. Natasha claws you.
You die...

#.'########+.#..........#....#
#.#........#.#..........#....#
##.#.+####'.#.#...............#
#..#.#....#.#.#..........#....###
#..#.#.##.#.#.#..........#......#
#..#.#.##.#.#.######..####....#..
#..#.#....#.#.#######..# #....##.
#..#.'####'.#.....# ##.# #....##.
#..#........#...@.####.###....###
#..+########'..h.†.......#....# #
#.................#####..#.####
#....##.#####.....## #......##
####..)............#####...#..##
######......###...####..##..#
#......# ###...##.####.##
#..>...#######.##.# #....
#..........###..#.# #.##.


You could see Natasha.

Vanquished Creatures
  A worm (D:1)
  2 dart slugs (D:1)
  A bat (D:1)
  An endoplasm (D:1)
  A goblin (D:1)
  A kobold (D:1)
  2 ball pythons (D:1)
  2 rats (D:1)
11 creatures vanquished.

Notes
Turn   | Place    | Note
-------+----------+-------------------------------------------
     0 | D:1      | Bunnehwyld the Armataur Fighter began the quest for the
                  | Orb.
     0 | D:1      | Reached XP level 1. HP: 19/19 MP: 1/1
   374 | D:1      | Reached XP level 2. HP: 26/26 MP: 2/2
   524 | D:2      | Noticed Natasha
   608 | D:2      | Noticed a crimson imp
   609 | D:1      | Slain by Natasha

Illustrated notes

Levels and vault maps discovered:
D:1:      dreamdust_arrival_beginning_and_end, layout_rooms, minivault_11,
          minmay_misc_feat_diagonals, minivault_24
D:2:      layout_rooms, skrybe_limestone_x, minmay_rat_gold_closets,
          uniq_natasha

Skill      XL: |  1 |
---------------+----+-----
Maces & Flails | 2 |  2.3
Fighting       | |  2.6
Armour         | |  3.9
Shields        | |  3.5

Action                     || total
---------------------------++-------
  Melee: Flail             ||    36
         Tailslap          ||     2
  Throw: Stone             ||     1
    Use: Potion            ||     1
 Armour: Scale mail        ||    19
  Dodge: Dodged            ||    19
  Block: Buckler           ||     7

Table legend: (Time is in decaauts)
 A = Elapsed time spent in this place.
 B = Non-inter-level travel time spent in this place.
 C = Inter-level travel time spent in this place.
 D = Time resting spent in this place.
 E = Time spent auto-exploring this place.
 F = Levels seen in this place.
 G = Mean time per level.
                   A        B        C        D        E       F      G
               +--------+--------+--------+--------+--------+-----+--------+
         Total |    622 |    601 |     21 |     22 |    241 |   2 |  311.0 |
       Dungeon |    622 |    601 |     21 |     22 |    241 |   2 |  311.0 |
               +--------+--------+--------+--------+--------+-----+--------+

Top non-repeatable levels by time:
     D:1: 587 daAuts
     D:2: 35 daAuts
